 Dungeon Crawl Stone Soup version 0.17-a0-1069-g92ad481 (webtiles) character file.

1357 wotan the Grappler (level 8, -3/63 (64) HPs)
             Began as a Ghoul Monk on May 17, 2015.
             Was a Believer of Yredelemnul.
             Slain by a centaur (8 damage)
             ... on level 7 of the Dungeon.
             The game lasted 00:33:50 (4652 turns).

wotan the Grappler (Ghoul Monk)                     Turns: 4652, Time: 00:33:50

HP:   -3/63 (64)    AC:  7    Str: 15    XL:     8   Next: 64%
MP:   6/7           EV: 10    Int:  5    God:    Yredelemnul [**....]
Gold: 234           SH:  0    Dex: 13    Spells: 0 memorised, 7 levels left

rFire  + . .     SeeInvis .       - Unarmed
rCold  . . .     Clarity  .     c - +1 scale mail
rNeg   + + +     SustAb   .     (no shield)
rPois  ∞         Gourm    .     (no helmet)
rElec  .         Spirit   .     (no cloak)
rCorr  .         Warding  .     (no gloves)
rMut   .         Stasis   .     (no boots)
MR     .....                    (no amulet)
Stlth  +.........               o - ring of fire
                                (no ring)

@: about to teleport, rotting, not resistant to hostile enchantments, very
unstealthy
A: rotting body, claws 1, carnivore 3, cold resistance 1, negative energy
resistance 3, slow healing 1, torment resistance, unbreathing
a: Animate Remains, Recall Undead Slaves, Injury Mirror, Renounce Religion


You were on level 7 of the Dungeon.
You worshipped Yredelemnul.
Yredelemnul was pleased with you.
You were not hungry.

You visited 2 branches of the dungeon, and saw 8 of its levels.

You collected 234 gold pieces.

Inventory:

Missiles
 n - 8 tomahawks (quivered)
Armour
 c - a +1 scale mail (worn)
Jewellery
 o - a ring of fire (right claw)
Scrolls
 g - 2 scrolls of magic mapping
 m - a scroll of recharging
Potions
 d - a potion of resistance
 e - 3 potions of brilliance {unknown}
 h - a potion of agility
 i - 2 potions of curing {unknown}
 k - 2 potions of invisibility
 l - 4 potions of ambrosia {unknown}
 q - a potion of haste {unknown}
 r - a potion of heal wounds {unknown}
 t - a potion of poison {unknown}
Books
 a - a book of the Tempests

   Spells                             Type                      Level
   a - Static Discharge               Conjuration/Air              3
   b - Lightning Bolt                 Conjuration/Air              5
   c - Fireball                       Conjuration/Fire             5
   d - Tornado                        Air                          9
   e - Shatter                        Earth                        9
Comestibles
 b - 2 meat rations
 f - a royal jelly
 p - a beef jerky


   Skills:
 - Level 3.6 Fighting
 - Level 0.1 Armour
 - Level 3.0 Dodging
 - Level 2.1 Stealth
 + Level 11.6 Unarmed Combat


You had 7 spell levels left.
You didn't know any spells.

Dungeon Overview and Level Annotations

Branches:
Dungeon (7/15)             Temple (1/1) D:4

Altars:
Dithmenos
Elyvilon
Gozag
Makhleb
Nemelex Xobeh
Ru
Sif Muna
Trog
Vehumet
Xom
Yredelemnul
The Shining One

Shops:
D:5 [   D:7 :

Annotations:
D:6 hornqvist's ghost, experienced FoFi


Innate Abilities, Weirdness & Mutations

Your body is rotting away.
You thrive on raw meat.
You are immune to poison.
You have sharp fingernails.
You are carnivorous and can eat meat at any time.
Your flesh is cold resistant.
You are immune to negative energy.
You heal slowly when monsters are visible.
You are immune to unholy pain and torment.
You can survive without breathing.


Message History

The centaur hits you!
* * * LOW HITPOINT WARNING * * *
You barely miss the centaur.
The centaur is moderately wounded.
The centaur misses you. The centaur closely misses you.
You barely miss the centaur.
The centaur is moderately wounded.
The centaur hits you!
* * * LOW HITPOINT WARNING * * *
Drink which item? (? for menu, Esc to quit)
Okay, then.
Read which item? (? for menu, Esc to quit)
As you read the scroll of fear, it crumbles to dust.
You assume a fearsome visage.
The centaur resists with some effort.
The centaur is no longer bleeding.
The centaur closely misses you.
Read which item? (? for menu, Esc to quit)
As you read the scroll of teleportation, it crumbles to dust.
You feel strangely unstable. The centaur hits you!
You die...
Yredelemnul claims you as an undead slave.

........#.####
#.####.#
###..........#
##....o.#
#...#.#.#..# #...#
#...#.#.#..# #...#
#.....(.#..# #...#
###.#####..# #.o.#
..# #..#
######...#### ...#
#..###((...........
#..(((@c...........
#.####.............#
#..# ######...####.#
##.# #...# # #.#
#...# #### #.# #...#
...# #.# ...#
##.##### #.# ##
##.....# ###.######


You could see a centaur.

Vanquished Creatures
  A spriggan (D:7)
  2 ogres (D:5)
  An ice beast (D:5)
  An orc warrior (D:7)
  A giant frog (D:4)
  5 killer bees (D:7)
  A crimson imp (D:5)
  Ijyb (D:2)
  Jessica (D:3)
  A jelly (D:5)
  Terence (D:3)
  An iguana (D:4)
  An orc wizard (D:3)
  2 worker ants
  A hound skeleton (D:4)
  13 adders
  2 oozes
  A worm (D:2)
  A giant gecko (D:6)
  11 orcs
  2 ball pythons
  11 bats
  A bat skeleton (D:4)
  8 giant cockroaches
  12 hobgoblins
  11 jackals
  3 quokkas
  3 giant newts
  13 goblins
  5 kobolds
  3 rats
121 creatures vanquished.

Vanquished Creatures (collateral kills)
  A black bear (D:7)
  A killer bee (D:7)
2 creatures vanquished.

Vanquished Creatures (others)
  2 killer bee zombies (D:7)
  An orc zombie (D:7)
  2 bat zombies (D:5)
  A goblin zombie (D:5)
  A hobgoblin skeleton (D:5)
  A rat skeleton (D:7)
8 creatures vanquished.

Grand Total: 131 creatures vanquished

Notes
Turn   | Place    | Note
--------------------------------------------------------------
     0 | D:1      | wotan the Ghoul Monk began the quest for the Orb.
     0 | D:1      | Reached XP level 1. HP: 19/19 MP: 0/0
   274 | D:1      | Reached XP level 2. HP: 24/26 MP: 1/1
   540 | D:2      | Reached XP level 3. HP: 19/31 MP: 2/2
   550 | D:2      | Reached skill level 5 in Unarmed Combat
   650 | D:2      | Noticed Ijyb
   668 | D:2      | Killed Ijyb
   668 | D:2      | Reached XP level 4. HP: 13/39 MP: 3/3
   868 | D:2      | Reached skill level 6 in Unarmed Combat
  1165 | D:2      | Reached XP level 5. HP: 41/44 MP: 4/4
  1341 | D:3      | Noticed Jessica
  1357 | D:3      | Killed Jessica
  1370 | D:3      | Found a glowing golden altar of the Shining One.
  1400 | D:3      | Found a sacrificial altar of Ru.
  1401 | D:3      | Noticed Terence
  1417 | D:3      | Killed Terence
  1417 | D:3      | Reached skill level 7 in Unarmed Combat
  1730 | D:3      | Reached XP level 6. HP: 41/49 MP: 5/5
  1786 | D:3      | Found an opulent altar of Gozag.
  2067 | D:4      | Found a staircase to the Ecumenical Temple.
  2128 | Temple   | Entered the Ecumenical Temple
  2368 | D:4      | Reached skill level 8 in Unarmed Combat
  2449 | Temple   | Became a worshipper of Yredelemnul the Dark
  2449 | Temple   | Acquired Yredelemnul's first power
  2449 | Temple   | Acquired Yredelemnul's second power
  3044 | D:5      | Entered Level 5 of the Dungeon
  3080 | D:5      | Reached XP level 7. HP: 48/56 MP: 6/6
  3175 | D:5      | Found Ugazucat's Antique Armour Boutique.
  3374 | D:5      | Reached skill level 9 in Unarmed Combat
  3915 | D:5      | Reached skill level 10 in Unarmed Combat
  4071 | D:6      | Noticed hornqvist's ghost (experienced FoFi)
  4119 | D:7      | Reached XP level 8. HP: 41/64 MP: 7/7
  4255 | D:7      | Reached skill level 11 in Unarmed Combat
  4494 | D:7      | Found Muxecw's Book Boutique.
  4518 | D:7      | Noticed a spriggan baker
  4534 | D:7      | Killed a spriggan baker
  4652 | D:7      | Slain by a centaur

Vault maps used:
D:1:      lightli_arrival_boilingwater, fountainhead
D:2:      uniq_iyjb
D:3:      nicolae_ru_sacrificial_ziggurat, grunt_gozag_breadcrumbs, st_stairs_8,
          nicolae_tso_carved_into_rock, uniq_terence, uniq_jessica
D:4:      temple_doors_e, first_bread
D:5:      serial_shops, nicolae_shop_temple_entry_statues_fountains
D:7:      lemuel_crystal_altar, serial_shops, shop, the_bakery
Temple:   chambers_temple_10

Action                   |  1- 3 |  4- 6 |  7- 9 || total
-------------------------+-------+-------+-------++-------
Melee: Unarmed           |    79 |   217 |   120 ||   416
Throw: Tomahawk          |       |       |     2 ||     2
Invok: Animate Remains   |       |     4 |     7 ||    11
  Use: Scroll            |     1 |    12 |     4 ||    17
 Stab: Distracted        |       |     1 |       ||     1
  Eat: Chunk             |     2 |     8 |     8 ||    18
